 Dungeon Crawl Stone Soup version 0.21.1-1-g345015fe64 (webtiles) character file.

79 Loge the Magician (level 4, -3/24 HPs)
             Began as a Deep Elf Fire Elementalist on July 16, 2018.
             Killed from afar by an orc wizard (10 damage)
             ... with a magic dart
             ... on level 3 of the Dungeon.
             The game lasted 00:12:58 (2210 turns).

Loge the Magician (Deep Elf Fire Elementalist)      Turns: 2210, Time: 00:12:59

Health: -3/24      AC:  2    Str:  5    XL:     4   Next: 17%
Magic:  2/12       EV: 13    Int: 21    God:
Gold:   89         SH:  0    Dex: 15    Spells: 5/11 levels left

rFire    . . .     SeeInvis .   n - +0 dagger
rCold    . . .     Gourm    .   (no shield)
rNeg     . . .     Faith    .   a - +0 robe
rPois    .         Spirit   .   (no helmet)
rElec    .         Reflect  .   (no cloak)
rCorr    .         Harm     .   (no gloves)
MR       .....                  (no boots)
Stlth    ++........             (no amulet)
HPRegen  0.08/turn              (no ring)
MPRegen  0.13/turn              (no ring)

@: no status effects
A: no striking features
a: no special abilities


You were on level 3 of the Dungeon.
You were not hungry.

You visited 1 branch of the dungeon, and saw 3 of its levels.

You collected 89 gold pieces.

Inventory:

Hand Weapons
 n - a +0 dagger (weapon)
Missiles
 e - 15 sling bullets
 m - 4 stones (quivered)
Armour
 a - a +0 robe (worn)
Scrolls
 h - 3 scrolls of teleportation {unknown}
 k - a scroll of amnesia {unknown}
 l - 4 scrolls of identify {unknown}
Potions
 d - a potion of brilliance {unknown}
 f - a potion of invisibility {unknown}
 g - 2 potions of heal wounds {unknown}
 i - a potion of mutation {unknown}
Books
 b - a book of Flames

   Spells                             Type                      Level
   a - Flame Tongue                   Conjuration/Fire             1
   b - Throw Flame                    Conjuration/Fire             2
   c - Conjure Flame                  Conjuration/Fire             3
   d - Inner Flame                    Hexes/Fire                   3
   e - Sticky Flame                   Conjuration/Fire             4
   f - Fireball                       Conjuration/Fire             5
Comestibles
 c - 6 rations
 j - 2 chunks of flesh


   Skills:
 - Level 2.4 Dodging
 - Level 2.4 Stealth
 + Level 4.0 Spellcasting
 * Level 3.2 Conjurations
 + Level 3.9 Fire Magic


You had 5 spell levels left.
You knew the following spells:

 Your Spells              Type           Power        Failure   Level  Hunger
a - Flame Tongue          Conj/Fire      ###..        2%          1    None
b - Throw Flame           Conj/Fire      ###...       4%          2    #......
c - Conjure Flame         Conj/Fire      ###.....     9%          3    ###....


Dungeon Overview and Level Annotations

Branches:
Dungeon (3/15)

Altars:
Hepliaklqana
Qazlal
Yredelemnul
The Shining One


Message History

The orc wizard hits you with a dagger. The orc wizard casts a spell at you.
The magic dart hits you!
You hear the slow rusting of a drain nearby.
The orc wizard points at you and mumbles some strange words.
The magic dart hits you!
* * * LOW HITPOINT WARNING * * *
Casting: Flame Tongue
Confirm with . or Enter, or press ? or * to list all spells.
Aiming: Flame Tongue
Press: ? - help, Shift-Dir - straight line, f/p - orc wizard
Aim: an orc wizard, wielding a dagger and wearing a robe (severely wounded)
The flame tongue misses the orc wizard.
The orc wizard gestures wildly while chanting.
The orc wizard flickers and vanishes!
Deactivating autopickup; reactivate with Ctrl-A.
Something tries to affect you, but you resist.
A magic dart appears from out of thin air!
The magic dart hits you!
You die...

#.... #.#.# ###
###.#.# ...
#.....###.#
#.........# #####
###.....#.###
#...########
#....<.....#
#....o..o...
#.#....<#..#
#...########
#.#####.#.@######.##
# #.# #.#.........#
# #.# #.##.########
# #.# #.##.# # #.#
#.##.# #.# #.##.#
#.#####.##.#
#..........#
#######.####


There were no monsters in sight!

Vanquished Creatures
  2 adders (D:2)
  An ooze (D:1)
  2 dart slugs
  2 leopard geckos (D:1)
  An orc (D:3)
  A giant cockroach (D:2)
  4 goblins
  7 hobgoblins
  11 jackals
  A quokka (D:2)
  2 ball pythons (D:1)
  A bat (D:1)
  A frilled lizard (D:2)
  2 kobolds (D:2)
  8 rats
46 creatures vanquished.

Notes
Turn   | Place    | Note
-------+----------+-------------------------------------------
     0 | D:1      | Loge the Deep Elf Fire Elementalist began the quest for the Orb.
     0 | D:1      | Reached XP level 1. HP: 10/10 MP: 6/6
   195 | D:1      | Reached XP level 2. HP: 15/15 MP: 5/8
   200 | D:1      | Learned a level 2 spell: Throw Flame
   861 | D:1      | Reached XP level 3. HP: 19/19 MP: 7/10
   866 | D:1      | Learned a level 3 spell: Conjure Flame
  1586 | D:2      | Found a hazy altar of Hepliaklqana.
  1784 | D:2      | Found a stormy altar of Qazlal.
  1787 | D:2      | Found a basalt altar of Yredelemnul.
  1790 | D:2      | Found a glowing golden altar of the Shining One.
  2010 | D:3      | Reached XP level 4. HP: 22/24 MP: 7/11
  2183 | D:3      | Reached skill level 4 in Spellcasting
  2210 | D:3      | Killed from afar by an orc wizard

Skill      XL: |  1  2  3  4 |
---------------+-------------+-----
Conjurations   | 2 3 |  3.2
Spellcasting   | 4 |  4.0
Dodging        | |  2.4
Stealth        | |  2.4
Fire Magic     | |  3.9

Action                   |  1- 3 |  4- 6 || total
-------------------------+-------+-------++-------
Melee: Dagger            |     1 |     8 ||     9
 Cast: Flame Tongue      |    56 |    18 ||    74
       Throw Flame       |     7 |       ||     7
       Conjure Flame     |     2 |     4 ||     6
  Eat: Chunk             |     4 |       ||     4
Armor: Robe              |     1 |       ||     1
Dodge: Dodged            |    12 |    16 ||    28
